 Dungeon Crawl Stone Soup version 0.28-b1-25-g9875b3fc8c (webtiles) character file.

Game seed: 6466897462387899035

259 dorian the Chopper (level 6, -1/37 HPs)
             Began as a Gargoyle Fighter on Feb 7, 2022.
             Slain by an orc warrior (8 damage)
             ... on level 4 of the Dungeon.
             The game lasted 00:03:31 (3290 turns).

dorian the Chopper (Gargoyle Fighter)               Turns: 3290, Time: 00:03:31

Health: -1/37      AC: 17    Str: 21    XL:     6   Next: 17%
Magic:  6/6        EV:  7    Int:  9    God:
Gold:   175        SH:  4    Dex:  9    Spells: 5/5 levels left

rFire   . . .      SeeInvis .   a - +0 war axe
rCold   . . .      Faith    .   c - +0 buckler
rNeg    + . .      Spirit   .   h - +3 chain mail {rPois}
rPois   ∞          Reflect  .   (no helmet)
rElec   +          Harm     .   (no cloak)
rCorr   .          Rampage  .   k - +0 pair of gloves
Will    .....                   (no boots)
Stlth   ..........              (no amulet)
HPRegen 0.12/turn               (no ring)
MPRegen 0.10/turn               (no ring)

@: mighty, studying Polearms
A: sickness immunity, AC +4, negative energy resistance 1, electricity
resistance, torment resistance 1, petrification resistance
a: no special abilities


You were on level 4 of the Dungeon.
You visited 1 branch of the dungeon, and saw 4 of its levels.

You collected 175 gold pieces.

Inventory:

Hand Weapons
 a - a +0 war axe (weapon)
 o - a +0 morningstar of protection
Armour
 b - a +0 scale mail
 c - a +0 buckler (worn)
 h - a +3 chain mail of poison resistance (worn)
 k - a +0 pair of gloves (worn)
Wands
 j - a wand of iceblast (6)
Scrolls
 f - a scroll of enchant armour {unknown}
 l - 3 scrolls of identify {unknown}
 m - a scroll of enchant weapon {unknown}
 n - a scroll of torment {unknown}
Potions
 d - a potion of might
 e - a potion of curing {unknown}
 g - a potion of degeneration {unknown}
 i - a potion of heal wounds {unknown}
 p - a potion of brilliance {unknown}


   Skills:
 - Level 3.2 Fighting
 + Level 5.7 Axes
 - Level 3.2 Armour
 - Level 3.2 Shields


You had 5 spell levels left.
You didn't know any spells.
Your spell library contained the following spells:

 Spells                   Type           Power      Damage    Failure   Level
 Foxfire                  Conj/Fire      0%         2x1d4     99%         1
 Conjure Flame            Conj/Fire      0%         6-21      100%        3
 Inner Flame              Hex/Fire       0%         N/A       100%        3
 Flame Wave               Conj/Fire      0%         2d4       100%        4


Dungeon Overview and Level Annotations

Branches:
Dungeon (4/15)
 Temple: D:4-7

Altars:


Innate Abilities, Weirdness & Mutations

You are immune to sickness and miasma.
Your stone body is resilient. (AC +4)
You are immune to poison.
You resist negative energy. (rN+)
You are resistant to electric shocks. (rElec)
You are resistant to unholy torment.
You are immune to petrification.


Message History

No target in view!
HP restored.
Things that are here:
a +0 leather armour; a hobgoblin corpse You pick up a manual of Polearms and begin studying.
You see here a +0 flail.
You feel very mighty all of a sudden.
You slash the orc warrior!
The orc warrior is moderately wounded.
You block the orc warrior's attack.
The orc warrior hits you with a +0 battleaxe!
You barely miss the orc warrior.
The orc warrior is moderately wounded.
The orc warrior completely misses you.
You hit the orc warrior.
The orc warrior is heavily wounded.
The orc warrior hits you with a +0 battleaxe!
* * * LOW HITPOINT WARNING * * *
You barely miss the orc warrior.
The orc warrior is heavily wounded.
You block the orc warrior's attack.
You closely miss the orc warrior.
The orc warrior is heavily wounded.
You block the orc warrior's attack.
The orc warrior hits you with a +0 battleaxe.
* * * LOW HITPOINT WARNING * * *
You closely miss the orc warrior.
The orc warrior is heavily wounded.
The orc warrior hits you with a +0 battleaxe.
* * * LOW HITPOINT WARNING * * *
You closely miss the orc warrior.
The orc warrior is heavily wounded.
The orc warrior closely misses you.
You barely miss the orc warrior.
The orc warrior is heavily wounded.
You block the orc warrior's attack.
You completely miss the orc warrior.
The orc warrior is heavily wounded.
The orc warrior hits you with a +0 battleaxe!
You die...

#......[....###.###..###
#.##.........#.#.#.#....
.##..........###..#..##
..............#.).#..#
..##............###..##
# ##................#
##.###...#######.#
#[............#..
#.@##.#.#####.####
#.o###.## ....# #.#
####.# #.# #.# #.# #.#
#.# # ... ... # ..# #..
# # #.. #. #


You could see an orc warrior.

Vanquished Creatures
  A killer bee (D:4)
  2 orc priests
  Terence (D:2)
  9 adders
  An adder skeleton (D:4)
  A dart slug (D:4)
  7 orcs
  2 bats (D:1)
  An endoplasm (D:1)
  4 giant cockroaches
  4 goblins
  4 hobgoblins
  A quokka (D:1)
  3 ball pythons
  3 frilled lizards
  2 kobolds
  3 rats (D:1)
49 creatures vanquished.

Notes
Turn   | Place    | Note
-------+----------+-------------------------------------------
     0 | D:1      | dorian the Gargoyle Fighter began the quest for the Orb.
     0 | D:1      | Reached XP level 1. HP: 14/14 MP: 1/1
     4 | D:1      | Noticed an octopode
     6 | D:1      | Noticed a merfolk zombie
     7 | D:1      | Noticed a minotaur zombie
    15 | D:1      | Noticed a spriggan
    21 | D:1      | Noticed a tengu
    54 | D:1      | Reached skill level 2 in Axes
   362 | D:1      | Reached XP level 2. HP: 19/19 MP: 2/2
   928 | D:1      | Found a faded altar of an unknown god.
  1129 | D:2      | Reached skill level 3 in Axes
  1129 | D:2      | Reached XP level 3. HP: 23/23 MP: 3/3
  1136 | D:2      | Noticed Terence
  1159 | D:2      | Killed Terence
  1160 | D:2      | Reached XP level 4. HP: 8/28 MP: 4/4
  1617 | D:2      | You fall into a shaft and drop 1 floor!
  1639 | D:3      | Reached skill level 4 in Axes
  2006 | D:3      | Reached XP level 5. HP: 31/32 MP: 5/5
  2750 | D:4      | Reached skill level 5 in Axes
  2999 | D:4      | Noticed an orc warrior
  3197 | D:4      | Reached XP level 6. HP: 37/37 MP: 6/6
  3290 | D:4      | Slain by an orc warrior

Illustrated notes

Levels and vault maps discovered:
D:1:      shiori_arrival_whats_in_store_for_you, layout_basic,
          ebering_ecumenical_altar_petrified
D:2:      layout_basic, uniq_terence
D:3:      layout_basic
D:4:      layout_loops_ring, nicolae_overflow_hidden_temple, minmay_manual_mail

Skill      XL: |  1  2  3  4  5 |
---------------+----------------+-----
Axes           | 2 3 4 5 |  5.7
Fighting       | |  3.2
Armour         | |  3.2
Shields        | |  3.2

Action                   |  1- 3 |  4- 6 || total
-------------------------+-------+-------++-------
Melee: War axe           |    71 |   110 ||   181
  Use: Potion            |       |     1 ||     1
Armor: Scale mail        |    41 |       ||    41
       Chain mail        |       |    68 ||    68
Dodge: Dodged            |    37 |    34 ||    71
Block: Buckler           |    19 |    22 ||    41
